[Event "Titled Tuesday Blitz April 12 Late 2022"]
[White "Zhigalko, Sergei"]
[Black "Nakamura, Hikaru"]
[WhiteFideId "13502956"]
[BlackFideId "2016192"]
[WhiteElo "2662"]
[BlackElo "2850"]
[Result "0-1"]
[Round "07"]
[TimeControl "180+1"]
[Date "2022.04.12"]
[WhiteClock "0:00:09"]
[BlackClock "0:00:55"]

1. e4 e5 2. Nf3 Nc6 3. Bc4 Bc5 4. b4 Bb6 5. a4 a6 6. Nc3 Nf6 7. Nd5 d6 8. Nxb6 cxb6 9. d3 Nxb4 10. c3 Nc6 11. Be3 Na5 12. Nd2 Ng4 13. Qf3 O-O 14. Rb1 Nxe3 15. Qxe3 Bd7 16. Rxb6 Bxa4 17. Bd5 Rc8 18. c4 Rc5 19. Rb1 b5 20. O-O Nc6 21. f4 Nd4 22. fxe5 dxe5 23. Nf3 Nxf3+ 24. Rxf3 Rc7 25. Rbf1 bxc4 26. dxc4 Be8 27. Qb6 Qe7 28. Qxa6 Qc5+ 29. Kh1 Ra7 30. Qe6 fxe6 31. Rxf8+ Qxf8 32. Bxe6+ Bf7 0-1


[Site "https://www.chess.com"]

[Event "Titled Tuesday Blitz April 12 Late 2022"]
[White "Zhou, Qiyu"]
[Black "Khamzin, Olzhas"]
[WhiteFideId "505161"]
[BlackFideId "13701690"]
[WhiteElo "1925"]
[BlackElo "2155"]
[Result "0-1"]
[Round "07"]
[TimeControl "180+1"]
[Date "2022.04.13"]
[WhiteClock "0:00:01"]
[BlackClock "0:00:12"]

1. e4 c6 2. d4 d5 3. e5 c5 4. dxc5 e6 5. Be3 Nd7 6. Bb5 Qc7 7. Nf3 Bxc5 8. Bxc5 Qxc5 9. Qe2 a6 10. Bd3 Ne7 11. O-O Ng6 12. Ng5 Ndxe5 13. Nc3 Nxd3 14. Qxd3 h6 15. Nf3 O-O 16. Rad1 b5 17. a3 Bb7 18. Rfe1 b4 19. axb4 Qxb4 20. b3 Rac8 21. Ne2 Rc7 22. Ned4 Rfc8 23. Nxe6 Rxc2 24. Ned4 R2c3 25. Qf5 Rf8 26. h4 Ne7 27. Qd7 Nc6 28. Nf5 Bc8 29. Qxd5 Rc5 30. Nxh6+ gxh6 31. Qd6 Rc3 32. Qxh6 Qg4 33. Rd5 f6 34. Rh5 Qg7 35. Qf4 Bg4 36. Rd5 Bxf3 0-1


[Site "https://www.chess.com"]

[Event "Titled Tuesday Blitz April 12 Late 2022"]
[White "profaVa"]
[Black "Maranhao,Jose Renato Ruiz"]
[BlackFideId "2135175"]
[WhiteElo "2413"]
[BlackElo "1970"]
[Result "1-0"]
[Round "07"]
[TimeControl "180+1"]
[Date "2022.04.13"]
[WhiteClock "0:01:01"]
[BlackClock "0:00:01"]

1. e4 c6 2. d4 d5 3. Nc3 dxe4 4. Nxe4 Bf5 5. Ng3 Bg6 6. N3e2 e5 7. Nf3 exd4 8. Nexd4 Nf6 9. Bc4 Be7 10. O-O O-O 11. c3 Nbd7 12. Bf4 Qb6 13. b4 a5 14. a3 Rfd8 15. Qb3 a4 16. Qa2 Rac8 17. Ng5 Nd5 18. Be3 Nxe3 19. Bxf7+ Kh8 20. Bxg6 Bxg5 21. fxe3 Bxe3+ 22. Kh1 hxg6 23. Ne6 Re8 24. Rf3 Nf6 25. Raf1 c5 26. Rh3+ Bh6 27. Ng5 cxb4 28. Nf7+ Kh7 29. Ng5+ Kh8 30. Qf7 bxc3 31. Qxg6 1-0


[Site "https://www.chess.com"]

[Event "Titled Tuesday Blitz April 12 Late 2022"]
[White "Alekseenko, Kirill"]
[Black "Tari, Aryan"]
[WhiteFideId "4135539"]
[BlackFideId "1510045"]
[WhiteElo "2682"]
[BlackElo "2567"]
[Result "0-1"]
[Round "08"]
[TimeControl "180+1"]
[Date "2022.04.12"]
[WhiteClock "0:00:01"]
[BlackClock "0:00:06"]

1. e4 c6 2. d4 d5 3. exd5 cxd5 4. Bd3 Nf6 5. h3 Nc6 6. Nf3 g6 7. O-O Bf5 8. Bxf5 gxf5 9. Re1 e6 10. Bf4 Bd6 11. Ne5 Qc7 12. c4 dxc4 13. Nc3 a6 14. Qa4 O-O-O 15. Bg5 Nxe5 16. Bxf6 Nd3 17. Bxd8 Rxd8 18. Re2 Bh2+ 19. Kh1 Rxd4 20. Rf1 Bf4 21. b3 Nc5 22. Qa3 Bd6 23. Qb2 Rd3 24. Qc2 Qc6 25. Kg1 Rd4 26. Rd1 Rxd1+ 27. Qxd1 b5 28. bxc4 b4 29. Nb1 Ne4 30. Qd4 Bc5 31. Qh8+ Kb7 32. Nd2 Nc3 33. Re1 Qd6 34. Nb3 Ne4 35. Nxc5+ Qxc5 36. Re3 Qxc4 37. Qxh7 Qc1+ 38. Kh2 Qc7+ 39. g3 Nxf2 40. Qh8 Qc2 41. Qe5 Ng4+ 42. Kg1 Qf2+ 43. Kh1 Qf1# 0-1


[Site "https://www.chess.com"]

[Event "Titled Tuesday Blitz April 12 Late 2022"]
[White "Andreikin, Dmitry"]
[Black "Ibarra Jerez, Jose Carlos"]
[WhiteFideId "4158814"]
[BlackFideId "2226332"]
[WhiteElo "2736"]
[BlackElo "2626"]
[Result "1-0"]
[Round "08"]
[TimeControl "180+1"]
[Date "2022.04.12"]
[WhiteClock "0:01:36"]
[BlackClock "0:00:15"]

1. d4 Nf6 2. c4 d6 3. Nf3 g6 4. Nc3 Bf5 5. Qb3 b6 6. g3 Bg7 7. Bg2 Nc6 8. Qa4 Bd7 9. Qc2 Bf5 10. e4 Bg4 11. Be3 e5 12. dxe5 dxe5 13. Rd1 Qc8 14. Qa4 Bd7 15. Rxd7 Qxd7 16. Bh3 Qxh3 17. Qxc6+ Ke7 18. Bg5 Rad8 19. Qxc7+ Ke8 20. Nd5 Qe6 21. Qxa7 h6 22. Nc7+ 1-0


[Site "https://www.chess.com"]

[Event "Titled Tuesday Blitz April 12 Late 2022"]
[White "Bas Mas, Jose Joaquin"]
[Black "Demchenko, Anton"]
[WhiteFideId "22219064"]
[BlackFideId "4160258"]
[WhiteElo "2394"]
[BlackElo "2826"]
[Result "0-1"]
[Round "08"]
[TimeControl "180+1"]
[Date "2022.04.13"]
[WhiteClock "0:00:38"]
[BlackClock "0:01:46"]

1. e4 e5 2. Nf3 Nc6 3. Bc4 Nf6 4. d3 h6 5. O-O d6 6. c3 g6 7. Nbd2 Bg7 8. Re1 O-O 9. Nf1 Nh7 10. h3 Kh8 11. Ng3 f5 12. d4 f4 13. Nf1 g5 14. a4 Qe8 15. a5 a6 16. dxe5 dxe5 17. N1h2 h5 18. Bd5 Bf6 19. b3 g4 20. hxg4 hxg4 21. Nd2 Qg6 22. Ba3 Rd8 23. Nc4 Kg7 24. Ra2 Rh8 25. Rd2 Ng5 26. Nxg4 Qh5 27. f3 Bxg4 28. fxg4 Qh2+ 29. Kf1 f3 30. gxf3 Qg3 31. Rf2 Rh1+ 32. Ke2 Nh3 33. Rxh1 Qxf2+ 34. Kd3 Nf4# 0-1


[Site "https://www.chess.com"]

[Event "Titled Tuesday Blitz April 12 Late 2022"]
[White "Bilan, Danila"]
[Black "Aldokhin, Ivan"]
[WhiteFideId "24161918"]
[BlackFideId "24115720"]
[WhiteElo "2564"]
[BlackElo "2695"]
[Result "0-1"]
[Round "08"]
[TimeControl "180+1"]
[Date "2022.04.13"]
[WhiteClock "0:00:07"]
[BlackClock "0:00:07"]

1. d4 Nf6 2. Nf3 g6 3. Bg5 Bg7 4. c3 d6 5. Nbd2 b6 6. e4 Bb7 7. Qc2 O-O 8. Bc4 c5 9. d5 Na6 10. O-O Nc7 11. a4 a6 12. Bd3 b5 13. c4 e6 14. Rab1 bxc4 15. Nxc4 exd5 16. exd5 Ncxd5 17. Qd2 Nb4 18. Be2 Ne4 19. Bxd8 Nxd2 20. Nfxd2 Raxd8 21. b3 d5 22. Ne3 Rfe8 23. Bf3 Bh6 24. Rfe1 Nd3 25. Re2 Ne5 26. Rbe1 Nxf3+ 27. Nxf3 d4 28. Nc4 Rxe2 29. Rxe2 d3 30. Re1 Bxf3 31. gxf3 Rb8 32. Rb1 d2 33. Kf1 Rxb3 34. Nxd2 Ra3 35. Ne4 Bf8 36. Rb7 Rxa4 37. Nf6+ Kg7 38. Ne8+ Kg8 39. Nf6+ Kh8 40. Rxf7 Bg7 41. Ne8 Bh6 42. Nf6 Bg7 43. Ne8 Kg8 44. Rxg7+ Kf8 45. Rxh7 Kxe8 46. Rc7 c4 47. Rc6 Kf7 48. Kg2 a5 49. Rc5 Ke6 50. f4 Kd6 51. Rg5 c3 52. Rxg6+ Kd5 53. Rg5+ Kd4 54. Rg8 Rc4 55. Rd8+ Ke4 56. Re8+ Kxf4 57. Re1 c2 58. Rc1 a4 59. Kg1 Ke4 60. Kf1 Kd3 61. Ke1 Re4+ 62. Kf1 Kd2 0-1


[Site "https://www.chess.com"]

[Event "Titled Tuesday Blitz April 12 Late 2022"]
[White "Bilych, Olexiy"]
[Black "Bachmann, Axel"]
[WhiteFideId "14156504"]
[BlackFideId "3700488"]
[WhiteElo "2176"]
[BlackElo "2587"]
[Result "1-0"]
[Round "08"]
[TimeControl "180+1"]
[Date "2022.04.13"]
[WhiteClock "0:01:36"]
[BlackClock "0:00:10"]

1. e4 c5 2. Nf3 d6 3. d4 cxd4 4. Nxd4 Nf6 5. Nc3 a6 6. Bg5 Nbd7 7. Bc4 Qb6 8. O-O Qc5 9. Bd5 e6 10. Re1 Ne5 11. Be3 Qc7 12. Bb3 Be7 13. f4 Neg4 14. Bc1 h5 15. h3 Nh6 16. f5 e5 17. Nf3 Bd7 18. Bg5 Bc6 19. Qd2 O-O-O 20. Bxf6 Bxf6 21. Nd5 Bxd5 22. Bxd5 g6 23. Re3 Kb8 24. Rb3 b6 25. Rc3 Qa7 26. fxg6 b5+ 27. Kh1 Ng4 28. Rf1 fxg6 29. a4 b4 30. Rc6 Be7 31. Qxb4+ Qb7 32. Rc8+ 1-0


[Site "https://www.chess.com"]

[Event "Titled Tuesday Blitz April 12 Late 2022"]
[White "Bortnyk, Olexandr"]
[Black "Pakleza, Zbigniew"]
[WhiteFideId "14120828"]
[BlackFideId "1119290"]
[WhiteElo "2723"]
[BlackElo "2467"]
[Result "1-0"]
[Round "08"]
[TimeControl "180+1"]
[Date "2022.04.12"]
[WhiteClock "0:00:06"]
[BlackClock "0:00:01"]

1. d4 d5 2. Nc3 Bf5 3. Bf4 c6 4. e3 Nf6 5. Nf3 Nbd7 6. Ne5 h6 7. g4 Be4 8. Nxe4 Nxe4 9. Bg2 e6 10. Bxe4 dxe4 11. c3 Nxe5 12. Bxe5 Qd5 13. Qb3 Qxb3 14. axb3 a6 15. h4 f6 16. Bg3 h5 17. g5 Be7 18. gxf6 gxf6 19. Ke2 O-O 20. Ra5 f5 21. c4 Kf7 22. Rd1 Bf6 23. b4 Rfd8 24. Rda1 Rac8 25. b3 Rd7 26. R1a2 Bd8 27. R5a4 Be7 28. Ra1 Bf6 29. Rg1 Rg8 30. Rc1 Rg4 31. Rh1 Rg8 32. Ra2 Be7 33. Ra4 Bf6 34. Ra5 Bd8 35. Raa1 Be7 36. b5 axb5 37. cxb5 cxb5 38. Ra5 b4 39. Rc1 Rg4 40. Rc8 Bxh4 41. Bxh4 Rxh4 42. Rh8 Kf6 43. Rh6+ Kg5 44. Rxe6 Rc7 45. Ree5 Rc2+ 46. Kf1 Rh1+ 47. Kg2 Rcc1 48. Rxf5+ Kg6 49. Kg3 Rcf1 50. Rg5+ Kh6 51. Rge5 Rhg1+ 52. Kf4 Rxf2+ 53. Kxe4 Rg4+ 54. Kd3 h4 55. Rh5+ Kg6 56. Rh8 Kg7 57. Rah5 Rh2 58. R5h7+ Kf6 59. Rxb7 Rg3 60. Rh6+ 1-0


[Site "https://www.chess.com"]

[Event "Titled Tuesday Blitz April 12 Late 2022"]
[White "Broca Jimenez, Fernando"]
[Black "Barria Zuniga, Daniel"]
[WhiteFideId "5104742"]
[BlackFideId "3400816"]
[WhiteElo "2062"]
[BlackElo "2414"]
[Result "0-1"]
[Round "08"]
[TimeControl "180+1"]
[Date "2022.04.13"]
[WhiteClock "0:00:05"]
[BlackClock "0:00:57"]

1. e4 c5 2. Nf3 e6 3. d4 cxd4 4. Nxd4 Nf6 5. Bd3 g6 6. c4 Bg7 7. O-O O-O 8. Nc3 d5 9. cxd5 exd5 10. exd5 Nxd5 11. Nxd5 Qxd5 12. Nf3 Nc6 13. h3 Rd8 14. Bc2 Qc4 15. Bb3 Qa6 16. Qc2 Bf5 17. Qc4 Qxc4 18. Bxc4 Na5 19. Bb5 Rd5 20. Ba4 b5 21. Bd1 Nc4 22. Nh4 Bd3 23. Bf3 Bxf1 24. Bxd5 Rd8 25. Bxc4 Bxc4 26. Be3 Bxb2 27. Rb1 Bf6 28. Bxa7 Bxh4 29. g3 Bf6 30. Be3 Ra8 31. Rd1 Rxa2 32. Bh6 Ra8 33. Rd7 Bg7 34. Rb7 Bxh6 0-1


[Site "https://www.chess.com"]

[Event "Titled Tuesday Blitz April 12 Late 2022"]
[White "Bryakin, Mikhail"]
[Black "Yedidia, Daniel"]
[WhiteFideId "4165314"]
[BlackFideId "30905907"]
[WhiteElo "2417"]
[BlackElo "2605"]
[Result "1-0"]
[Round "08"]
[TimeControl "180+1"]
[Date "2022.04.12"]
[WhiteClock "0:01:29"]
[BlackClock "0:00:06"]

1. e4 e5 2. Nf3 Nc6 3. Bb5 a6 4. Ba4 Nf6 5. O-O Be7 6. d3 b5 7. Bb3 d6 8. a4 b4 9. a5 O-O 10. Nbd2 Bg4 11. h3 Bh5 12. Ba4 Nd4 13. c3 bxc3 14. bxc3 Ne6 15. Nc4 Rb8 16. Be3 Nd7 17. Bc2 Nf4 18. Kh2 Kh8 19. g3 Ne6 20. g4 Bg6 21. d4 exd4 22. cxd4 Nf6 23. d5 Nc5 24. Bxc5 dxc5 25. Qe2 Rb4 26. Nfe5 Bd6 27. f4 Re8 28. Nxg6+ hxg6 29. e5 Nxd5 30. Qd3 Rxc4 31. Qxc4 Ne3 32. Qxf7 Nxc2 33. exd6 Re2+ 34. Kg3 Qxd6 35. Rad1 Rd2 36. Rxd2 Qxd2 37. Qxg6 Ne3 38. Rf2 Qe1 39. Qh5+ Kg8 40. Qe8+ Kh7 41. Qe4+ Kg8 42. Kf3 Qh1+ 43. Kxe3 Qe1+ 44. Re2 Qc1+ 45. Kf2 1-0


[Site "https://www.chess.com"]

[Event "Titled Tuesday Blitz April 12 Late 2022"]
[White "Curtis, John"]
[Black "Dauner, Benedikt"]
[WhiteFideId "3200256"]
[BlackFideId "16225899"]
[WhiteElo "2203"]
[BlackElo "2230"]
[Result "0-1"]
[Round "08"]
[TimeControl "180+1"]
[Date "2022.04.13"]
[WhiteClock "0:00:10"]
[BlackClock "0:01:37"]

1. c4 Nf6 2. Nf3 Nc6 3. g3 e5 4. Bg2 Bc5 5. O-O d6 6. Nc3 h5 7. d3 h4 8. Bg5 hxg3 9. hxg3 Bg4 10. e3 Qd7 11. Re1 Nh7 12. d4 Bb4 13. Bh4 g5 14. Nxg5 Bxd1 15. Nxh7 Rxh7 16. Raxd1 Bxc3 17. bxc3 Rxh4 18. gxh4 O-O-O 19. Kh2 Kb8 0-1


[Site "https://www.chess.com"]

[Event "Titled Tuesday Blitz April 12 Late 2022"]
[White "De Souza, Cristiano Gomes"]
[Black "Mikhalsky, Vladimir"]
[WhiteFideId "2151758"]
[BlackFideId "14144352"]
[WhiteElo "2068"]
[BlackElo "2301"]
[Result "1-0"]
[Round "08"]
[TimeControl "180+1"]
[Date "2022.04.13"]
[WhiteClock "0:01:11"]
[BlackClock "0:00:14"]

1. d4 Nf6 2. c4 g6 3. Nc3 Bg7 4. e4 O-O 5. Nf3 d6 6. Be2 e5 7. O-O Nc6 8. d5 Ne7 9. Ne1 Nd7 10. Be3 f5 11. f3 f4 12. Bf2 g5 13. Nb5 a6 14. Na7 h5 15. Nxc8 Qxc8 16. Rc1 b6 17. Nd3 a5 18. b3 Nc5 19. a3 Ng6 20. b4 axb4 21. axb4 Nxd3 22. Bxd3 g4 23. c5 bxc5 24. bxc5 g3 25. hxg3 fxg3 26. Bxg3 Bh6 27. Rc2 Qd8 28. Qe1 Bf4 29. Bf2 Ra3 30. Qe2 h4 31. Rb1 Bg3 32. cxd6 Nf4 33. Qf1 Bxf2+ 34. Qxf2 Nxd3 35. dxc7 Qg5 36. Qd2 Qxd2 37. Rxd2 Rc3 38. d6 Kf7 39. Rb8 Rc1+ 40. Kh2 Nf4 41. Rxf8+ Kxf8 42. d7 1-0


[Site "https://www.chess.com"]

[Event "Titled Tuesday Blitz April 12 Late 2022"]
[White "Djokic, Mihailo"]
[Black "Gharibyan, Mamikon"]
[WhiteFideId "976440"]
[BlackFideId "13308300"]
[WhiteElo "2202"]
[BlackElo "2254"]
[Result "1-0"]
[Round "08"]
[TimeControl "180+1"]
[Date "2022.04.12"]
[WhiteClock "0:00:18"]
[BlackClock "0:00:10"]

1. e4 c5 2. Nf3 Nc6 3. d4 cxd4 4. Nxd4 Nf6 5. Nc3 d6 6. Bg5 e6 7. Qd2 a6 8. O-O-O Bd7 9. f4 b5 10. Bxf6 gxf6 11. Nxc6 Bxc6 12. Qe1 h5 13. Kb1 Qb6 14. Nd5 Bxd5 15. exd5 e5 16. Bd3 O-O-O 17. Rf1 Kb8 18. Qh4 Be7 19. Be2 Rc8 20. Qh3 Qc5 21. Bd3 h4 22. fxe5 fxe5 23. Rxf7 Rc7 24. Qe6 Bg5 25. Rxc7 Qxc7 26. Rf1 Bf4 27. a3 Rh6 28. Qe8+ Qc8 29. Qe7 Qg4 30. Qf8+ Kb7 31. Bf5 Qe2 32. Qc8+ Kb6 33. Qc6+ Ka7 34. Qc7+ Ka8 35. Qc6+ Ka7 36. Rf3 Rh8 37. Rc3 Rb8 38. Bc8 Bd2 39. Qxa6# 1-0


[Site "https://www.chess.com"]

[Event "Titled Tuesday Blitz April 12 Late 2022"]
[White "Dubov, Daniil"]
[Black "Vasquez Schroeder, Rodrigo"]
[WhiteFideId "24126055"]
[BlackFideId "3400042"]
[WhiteElo "2791"]
[BlackElo "2561"]
[Result "1-0"]
[Round "08"]
[TimeControl "180+1"]
[Date "2022.04.12"]
[WhiteClock "0:00:11"]
[BlackClock "0:00:41"]

1. e4 c5 2. Nf3 d6 3. Bb5+ Bd7 4. Bxd7+ Qxd7 5. O-O Nc6 6. c3 Nf6 7. Re1 e6 8. d4 cxd4 9. cxd4 d5 10. e5 Ne4 11. Nbd2 Nxd2 12. Bxd2 Bb4 13. Re3 O-O 14. h4 Rfc8 15. h5 Bxd2 16. Qxd2 h6 17. Rc1 Ne7 18. Rec3 Rxc3 19. Rxc3 Rc8 20. b3 b6 21. g4 a5 22. Kg2 Rc6 23. a4 Qc7 24. Rxc6 Qxc6 25. Ne1 Qc7 26. Qc2 Qd7 27. Qc3 Nc6 28. f4 Kf8 29. Nc2 Ne7 30. Ne3 g6 31. hxg6 fxg6 32. Kg3 Kf7 33. Qc2 Qc6 34. Qd2 Qd7 35. Qh2 Kg7 36. Qh4 Ng8 37. f5 exf5 38. gxf5 gxf5 39. Kf4 Qc6 40. Nxf5+ Kh7 41. Qg4 Qc1+ 42. Ne3 Qd2 43. Qd7+ Kg6 44. Qe6+ Kg7 45. Qxd5 Ne7 46. Qg2+ Qxg2 47. Nxg2 Nd5+ 48. Ke4 Nc3+ 49. Kd3 Nd5 50. Ne3 Nf4+ 51. Ke4 Ne6 52. d5 Nc5+ 53. Kf5 Nxb3 54. e6 Nc5 55. d6 b5 56. d7 Nb7 57. e7 1-0


[Site "https://www.chess.com"]

[Event "Titled Tuesday Blitz April 12 Late 2022"]
[White "Foisor, Sabina-Francesca"]
[Black "Horcajuelo Rocamora, Martin"]
[WhiteFideId "1212915"]
[BlackFideId "24573027"]
[WhiteElo "2243"]
[BlackElo "1822"]
[Result "0-1"]
[Round "08"]
[TimeControl "180+1"]
[Date "2022.04.13"]
[WhiteClock "0:00:10"]
[BlackClock "0:01:00"]

1. d4 Nf6 2. c4 c5 3. d5 b5 4. Qc2 bxc4 5. e4 e6 6. Bxc4 exd5 7. exd5 Be7 8. Ne2 O-O 9. O-O d6 10. b3 Nbd7 11. Bb2 Nb6 12. Rd1 Bg4 13. f3 Bh5 14. Ng3 Bg6 15. Qd2 Rb8 16. Nc3 Nfd7 17. f4 f5 18. Bd3 Bh4 19. Re1 Bxg3 20. hxg3 Nf6 21. Rad1 Kh8 22. Be2 Bf7 23. Bf3 Qd7 24. Re2 Rfe8 25. Rde1 Rxe2 26. Rxe2 Re8 27. Qd3 Rxe2 28. Nxe2 Nfxd5 29. a4 Nb4 30. Qc3 Be6 31. a5 N6d5 32. Qd2 Nc7 33. Nc3 Bxb3 34. Qe3 h6 35. Ne2 Bf7 36. Qc3 Be6 37. Kh2 Ncd5 38. Qd2 Qe7 39. Nc3 Nf6 40. Nb5 d5 41. Bxf6 gxf6 42. Qc3 a6 43. Na3 d4 44. Qd3 Nxd3 0-1


[Site "https://www.chess.com"]

[Event "Titled Tuesday Blitz April 12 Late 2022"]
[White "Goryachkina, Aleksandra"]
[Black "Rozman, Levy"]
[WhiteFideId "4147103"]
[BlackFideId "2039877"]
[WhiteElo "2426"]
[BlackElo "2376"]
[Result "0-1"]
[Round "08"]
[TimeControl "180+1"]
[Date "2022.04.12"]
[WhiteClock "0:00:01"]
[BlackClock "0:00:03"]

1. e4 d5 2. exd5 Nf6 3. d4 Bg4 4. Be2 Bxe2 5. Nxe2 Qxd5 6. O-O Nc6 7. c3 O-O-O 8. Qb3 e5 9. dxe5 Qxe5 10. Ng3 h5 11. Qc2 g6 12. Nd2 h4 13. Nf3 Qd5 14. Bg5 Bg7 15. Bxf6 Bxf6 16. Ne4 Be7 17. Rfd1 Qf5 18. h3 Qf4 19. b4 f5 20. Ned2 g5 21. b5 Ne5 22. Nxe5 Qxe5 23. Nf3 Qxb5 24. Nd4 Qe5 25. Re1 Qf6 26. Nxf5 Bc5 27. Rad1 Rdf8 28. Ne3 Kb8 29. Ng4 Qb6 30. Re2 a5 31. a4 Re8 32. Rde1 Rd8 33. Re6 c6 34. Qf5 Rhf8 35. Qxg5 Bxf2+ 36. Nxf2 Qxf2+ 37. Kh1 Qg3 38. Qxg3+ hxg3 39. R6e3 Rg8 40. Rf1 Rd2 41. Kg1 Ra2 42. Rff3 Ra1+ 43. Rf1 Rxa4 44. Rff3 Ra1+ 45. Rf1 Rxf1+ 46. Kxf1 a4 47. Ke2 b5 48. Kd2 Kb7 49. Kc2 Kb6 50. Kb2 Kc5 51. Re5+ Kc4 52. Re6 c5 53. Re4+ Kd5 54. Re3 b4 55. cxb4 cxb4 56. Rf3 Re8 57. Rf5+ Re5 58. Rxe5+ Kxe5 59. Kc2 Ke4 60. Kb2 Ke3 61. Ka2 Kf2 62. h4 Kxg2 63. h5 Kf2 64. h6 g2 65. h7 g1=Q 66. h8=Q Qg4 67. Qf8+ Kg1 68. Qc5+ Kh1 0-1


[Site "https://www.chess.com"]

[Event "Titled Tuesday Blitz April 12 Late 2022"]
[White "Gracia Alvarez, Gerardo Antonio"]
[Black "Ashiev, Eduard"]
[WhiteFideId "5109124"]
[BlackFideId "4130090"]
[WhiteElo "2139"]
[BlackElo "2004"]
[Result "1-0"]
[Round "08"]
[TimeControl "180+1"]
[Date "2022.04.13"]
[WhiteClock "0:00:30"]
[BlackClock "0:00:01"]

1. e4 e5 2. Bc4 Nf6 3. d3 c6 4. Nf3 Be7 5. O-O d6 6. a4 O-O 7. c3 a5 8. Ba2 Qc7 9. Re1 Nbd7 10. Nbd2 Nc5 11. Nf1 Be6 12. Ng3 Rad8 13. d4 Bxa2 14. Rxa2 Ne6 15. Nf5 Rfe8 16. h3 Bf8 17. Nh2 Qc8 18. Qf3 exd4 19. cxd4 c5 20. Ng4 Nxg4 21. Qxg4 g6 22. d5 Nd4 23. Nxd4 Qxg4 24. hxg4 cxd4 25. Bd2 b6 26. Ra3 Rc8 27. Rb3 Rc2 28. Bf4 Rec8 29. Rxb6 R8c4 30. b3 R4c3 31. Rd1 d3 32. Bd2 Rc8 33. Bxa5 Rb2 34. Rxd3 Rc1+ 35. Kh2 Rxf2 36. Rf3 Re2 37. Rb7 Bg7 38. Rb8+ Bf8 39. Bb4 Kg7 40. Rb7 Kh6 41. Rfxf7 1-0


[Site "https://www.chess.com"]

[Event "Titled Tuesday Blitz April 12 Late 2022"]
[White "Grave, Jacob Templen"]
[Black "Sailer, Mike"]
[WhiteFideId "1542656"]
[BlackFideId "2012901"]
[WhiteElo "1737"]
[BlackElo "2109"]
[Result "1-0"]
[Round "08"]
[TimeControl "180+1"]
[Date "2022.04.13"]
[WhiteClock "0:00:20"]
[BlackClock "0:00:21"]

1. c4 c6 2. g3 d5 3. Bg2 Nf6 4. Nf3 Bf5 5. O-O e6 6. d4 Bd6 7. Nc3 O-O 8. Nd2 h6 9. e4 Nxe4 10. Ndxe4 Bxe4 11. Nxe4 dxe4 12. Bxe4 Nd7 13. b3 Qc7 14. Bb2 Rad8 15. Qf3 f5 16. Bc2 c5 17. Rad1 cxd4 18. Bxd4 Bc5 19. Bb2 b6 20. Rfe1 Rfe8 21. Qh5 Nf6 22. Bxf6 gxf6 23. Rxd8 Rxd8 24. Rxe6 Bxf2+ 25. Kxf2 Rd2+ 26. Re2 Qc5+ 27. Kf1 Rxe2 28. Qxe2 Kf7 29. Qd3 Qe5 30. Qd5+ Qxd5 31. cxd5 1-0


[Site "https://www.chess.com"]

[Event "Titled Tuesday Blitz April 12 Late 2022"]
[White "Guzman Moneo, Alberto"]
[Black "Plazuelo Pascual, Juan"]
[WhiteFideId "2209616"]
[BlackFideId "32059566"]
[WhiteElo "2157"]
[BlackElo "2359"]
[Result "0-1"]
[Round "08"]
[TimeControl "180+1"]
[Date "2022.04.13"]
[WhiteClock "0:00:37"]
[BlackClock "0:00:08"]

1. e4 c5 2. Nc3 e6 3. Nf3 Nc6 4. Bb5 Nd4 5. O-O a6 6. Bd3 Nc6 7. Be2 Nd4 8. Bd3 Nc6 9. Be2 Nf6 10. d4 cxd4 11. Nxd4 d6 12. Be3 Be7 13. f4 O-O 14. Kh1 Nxd4 15. Bxd4 b5 16. a3 Bb7 17. Bd3 Nd7 18. Qe1 Bf6 19. Bxf6 Qxf6 20. e5 dxe5 21. f5 Nc5 22. fxe6 Qxe6 23. Bf5 Qc6 24. Qg3 g6 25. b4 Nd7 26. Ne4 Nf6 27. Nc5 Nh5 28. Qg5 Qxg2+ 29. Qxg2 Bxg2+ 30. Kxg2 gxf5 31. Rxf5 Nf4+ 32. Kf3 Ng6 33. Rg1 Rfd8 34. Rxe5 Rd2 35. Re2 Rad8 36. Ne4 R2d4 37. c3 Rd3+ 38. Re3 Kf8 39. Nc5 Ne5+ 40. Ke4 Rxe3+ 41. Kxe3 Nc4+ 42. Kf4 Nxa3 43. Rg5 Nc4 44. Rh5 Kg7 45. Rg5+ Kf8 46. Nxa6 Na3 47. Rc5 Nb1 48. Nc7 Rd3 49. Nxb5 Rd2 50. h4 Rf2+ 51. Kg3 Re2 52. Rc8+ Kg7 53. Rc7 Nd2 54. Nd4 Re3+ 55. Kf4 Rd3 56. Ne6+ Kf6 57. Nc5 Rxc3 58. Ne4+ Nxe4 59. Rxc3 Nxc3 60. b5 Nxb5 61. Kg4 Nd6 62. Kh5 Ne8 63. Kh6 Ke5 64. h5 f5 65. Kg5 Nf6 66. h6 Ng8 67. Kh5 Nxh6 68. Kxh6 f4 69. Kg5 f3 70. Kh4 f2 71. Kg3 f1=Q 72. Kh2 Qf7 0-1


[Site "https://www.chess.com"]

[Event "Titled Tuesday Blitz April 12 Late 2022"]
[White "Hnydiuk, Aleksander"]
[Black "Miszler, Levente"]
[WhiteFideId "1109057"]
[BlackFideId "763276"]
[WhiteElo "2374"]
[BlackElo "1966"]
[Result "1-0"]
[Round "08"]
[TimeControl "180+1"]
[Date "2022.04.13"]
[WhiteClock "0:00:22"]
[BlackClock "0:00:01"]

1. e4 e6 2. d4 d5 3. Nd2 e5 4. Ngf3 exd4 5. Nxd4 Nf6 6. e5 Ne4 7. Nxe4 dxe4 8. Bc4 c5 9. Nb5 Qxd1+ 10. Kxd1 Na6 11. Ke2 Bd7 12. Be3 O-O-O 13. Rad1 Bxb5 14. Rxd8+ Kxd8 15. Bxb5 Nc7 16. Rd1+ Kc8 17. Bd7+ Kb8 18. Bf5 Be7 19. Rd7 Re8 20. Bxe4 g6 21. f4 Kc8 22. Rd1 f6 23. Kf3 fxe5 24. fxe5 Rf8+ 25. Kg3 Ne6 26. Bxb7+ Kc7 27. Bf3 Ng5 28. h4 Nxf3 29. gxf3 Rf5 30. f4 Rh5 31. Rh1 Kc6 32. Kg4 Kd5 33. Bf2 Ke4 34. Re1+ Kd5 35. b3 Rf5 36. c4+ Ke6 37. Rd1 h5+ 38. Kf3 Rf8 39. Ke4 Rf7 40. Rg1 1-0


[Site "https://www.chess.com"]

[Event "Titled Tuesday Blitz April 12 Late 2022"]
[White "Holt, Conrad"]
[Black "Matlakov, Maxim"]
[WhiteFideId "2034387"]
[BlackFideId "4168003"]
[WhiteElo "2586"]
[BlackElo "2669"]
[Result "1/2-1/2"]
[Round "08"]
[TimeControl "180+1"]
[Date "2022.04.12"]
[WhiteClock "0:01:32"]
[BlackClock "0:00:49"]

1. d4 Nf6 2. c4 e6 3. Nc3 d5 4. cxd5 Nxd5 5. e4 Nxc3 6. bxc3 c5 7. Rb1 Be7 8. Nf3 O-O 9. Bd3 cxd4 10. cxd4 Nc6 11. Be3 Qa5+ 12. Bd2 Bb4 13. Rxb4 Nxb4 14. Bb1 Qb6 15. O-O Bd7 16. e5 h6 17. Qe1 Nd5 18. Qe4 f5 19. exf6 Nxf6 20. Qg6 Be8 21. Qg3 Nh5 22. Qg4 Nf6 23. Qg3 Nh5 24. Qg4 Nf6 25. Qg3 1/2-1/2


[Site "https://www.chess.com"]

[Event "Titled Tuesday Blitz April 12 Late 2022"]
[White "Jaferian, Koosha"]
[Black "Dahlgren, James Allen"]
[WhiteFideId "12507440"]
[BlackFideId "22256873"]
[WhiteElo "2030"]
[BlackElo "2090"]
[Result "1-0"]
[Round "08"]
[TimeControl "180+1"]
[Date "2022.04.13"]
[WhiteClock "0:01:26"]
[BlackClock "0:00:04"]

1. d4 e6 2. c4 c5 3. Nf3 cxd4 4. Nxd4 Nf6 5. Nc3 Nc6 6. g3 Bb4 7. Bg2 O-O 8. O-O Qa5 9. Nb3 Qh5 10. Bd2 d5 11. cxd5 exd5 12. e4 Bg4 13. f3 Bh3 14. exd5 Bxg2 15. Kxg2 Nxd5 16. Nxd5 Qxd5 17. Bxb4 Nxb4 18. a3 Nd3 19. Qd2 Rad8 20. Nc1 Rfe8 21. Nxd3 Qxd3 22. Qxd3 Rxd3 23. Rf2 Ree3 24. Rc1 h5 25. Rc8+ Kh7 26. Rc7 Rb3 27. Rxf7 Kg6 28. Rd7 a5 29. Rc2 Rxf3 30. Rcc7 Rf6 31. Rxg7+ Kf5 32. Rc5+ Ke6 33. Rc2 b5 34. Rg5 Rf5 35. Rc6+ Kd5 36. Rxf5+ Kxc6 37. Rf2 b4 38. axb4 Rxb4 39. h3 a4 40. Rd2 Rb3 41. g4 hxg4 42. hxg4 a3 43. bxa3 Rxa3 44. Rd1 Kc5 45. g5 Kc6 46. Rd4 1-0


[Site "https://www.chess.com"]